 Dungeon Crawl Stone Soup version 0.30-a0-777-ga9a30cbeda (webtiles) character file.

Game seed: 7404936142481581340

58 bande the Covered (level 4, -5/28 HPs)
             Began as a Gargoyle Fighter on Feb 14, 2023.
             Slain by a worm (9 damage)
             ... on level 2 of the Dungeon.
             The game lasted 00:01:30 (1334 turns).

bande the Covered (Gargoyle Fighter)                Turns: 1334, Time: 00:01:30

Health: -5/28      AC: 13    Str: 19    XL:     4   Next: 1%
Magic:  4/4        EV:  7    Int:  9    God:
Gold:   63         SH:  4    Dex: 11    Spells: 3/3 levels left

rFire   . . .      SeeInvis .    a - +0 war axe
rCold   . . .      Faith    .    c - +0 buckler
rNeg    + . .      Spirit   .    g - +0 chain mail
rPois   ∞          Reflect  .    (no helmet)
rElec   +          Harm     .    (no cloak)
rCorr   .          Rampage  .    (no gloves)
Will    .....                    (no boots) Stlth
                                 (no amulet)
HPRegen 0.24/turn                (no ring)
MPRegen 0.09/turn                (no ring)

@: no status effects
A: sickness immunity, AC +3, negative energy resistance 1, electricity
resistance, torment resistance 1, petrification resistance
a: no special abilities


You were on level 2 of the Dungeon.
You visited 1 branch of the dungeon, and saw 2 of its levels.

You collected 63 gold pieces.

Inventory:

Hand Weapons
 a - a +0 war axe (weapon)
Armour
 c - a +0 buckler (worn)
 g - a +0 chain mail (worn)
Jewellery
 h - an amulet of reflection
Scrolls
 b - a scroll of vulnerability {unknown}
 e - a scroll of immolation {unknown}
 f - a scroll of amnesia {unknown}
 i - a scroll of summoning {unknown}
 j - a scroll of blinking {unknown}
Potions
 d - a potion of might
 k - a potion of flight {unknown}


   Skills:
 + Level 3.6 Fighting
 + Level 2.7 Axes
 + Level 3.8 Armour
 + Level 3.7 Shields


You had 3 spell levels left.
You didn't know any spells.
Your spell library contained the following spells:

 Spells                   Type           Power      Damage    Failure   Level
 Static Discharge         Conj/Air       0%         2-2/arc   100%        2
 Vhi's Electric Charge    Tloc/Air       0%         N/A       100%        3
 Arcjolt                  Conj/Air       0%         1d10      100%        5
 Lightning Bolt           Conj/Air       0%         1d11      100%        5


Dungeon Overview and Level Annotations

Branches:
Dungeon (2/15)

Altars:


Innate Abilities, Weirdness & Mutations

You are immune to sickness and miasma.
Your stone body is resilient. (AC +3)
You are immune to poison.
You resist negative energy. (rN+)
You are resistant to electric shocks. (rElec)
You are resistant to unholy torment.
You are immune to petrification.


Message History

You slash the bat!
You kill the bat!
The bat hits you but does no damage.
You have reached level 4!
You feel clever.
You slash the bat!
You kill the bat!
No target in view!
You see here a bat corpse.
Found a dagger.
You now have 63 gold pieces (gained 5).
Found a stone staircase leading down.
No target in view!
No target in view!
No target in view!
Found a ring mail.
A worm comes into view.
A worm is nearby!
A worm is nearby!
You barely miss the worm. The worm bites you!
You hit the worm.
The worm is moderately wounded.
The worm bites you!
You are too injured to fight recklessly!
You are too injured to fight recklessly!
You are too injured to fight recklessly!
You are too injured to fight recklessly!
You are too injured to fight recklessly!
You are too injured to fight recklessly!
You are too injured to fight recklessly!
You are too injured to fight recklessly!
You are too injured to fight recklessly!
You barely miss the worm.
The worm is moderately wounded.
The worm bites you!
* * * LOW HITPOINT WARNING * * *
You hit the worm.
The worm is heavily wounded.
The worm bites you!
You die...

#.#.....##...
#.......#.#.######†..
#.......#.#.#........
###..!....#.#.#........
.........#.#..........
#[......#.###........
#.......#.###.#......
.###....w..#.....#.#####
.......@...#....##.#
#####.#.####....##.#####
#...........##.##... ###
##..###.....##.##... ..#
.............##.##...
#####.#.#
#######..#..#####.##...
...##)#.#
#.....#<...............
##.##.#.#
#.###.##.#....###.#....
......#.#.#
#......#.##.....#.#..


You could see a worm.

Vanquished Creatures
  2 adders (D:2)
  2 dart slugs (D:1)
  A ball python (D:2)
  4 bats
  An endoplasm (D:2)
  A giant cockroach (D:1)
  A goblin (D:2)
  2 hobgoblins (D:1)
  4 jackals (D:1)
  2 quokkas
  4 frilled lizards (D:1)
  2 kobolds (D:1)
  10 rats
36 creatures vanquished.

Notes
Turn   | Place    | Note
-------+----------+-------------------------------------------
     0 | D:1      | bande the Gargoyle Fighter began the quest for the Orb.
     0 | D:1      | Reached XP level 1. HP: 14/14 MP: 1/1
   188 | D:1      | Reached XP level 2. HP: 19/19 MP: 2/2
   625 | D:1      | Found a faded altar of an unknown god.
   631 | D:1      | Reached XP level 3. HP: 23/23 MP: 3/3
  1141 | D:2      | Reached XP level 4. HP: 28/28 MP: 4/4
  1334 | D:2      | Slain by a worm

Illustrated notes

Levels and vault maps discovered:
D:1:      dpeg_arrival_ratfight, layout_loops_ring,
          shapermc_ecumenical_altar_pompeii
D:2:      layout_basic

Skill      XL: |  1  2 |
---------------+-------+-----
Axes           | 2 |  2.7
Fighting       | |  3.6
Armour         | |  3.8
Shields        | |  3.7

Action                     |  1- 3 |  4- 6 || total
---------------------------+-------+-------++-------
  Melee: War axe           |    78 |     5 ||    83
 Armour: Scale mail        |    17 |       ||    17
         Chain mail        |    30 |       ||    30
  Dodge: Dodged            |    36 |       ||    36
  Block: Buckler           |    15 |       ||    15

Table legend: (Time is in decaauts)
 A = Elapsed time spent in this place.
 B = Non-inter-level travel time spent in this place.
 C = Inter-level travel time spent in this place.
 D = Time resting spent in this place.
 E = Time spent auto-exploring this place.
 F = Levels seen in this place.
 G = Mean time per level.
                   A        B        C        D        E       F      G
               +--------+--------+--------+--------+--------+-----+--------+
         Total |   1368 |   1336 |     32 |      0 |   1094 |   2 |  684.0 |
       Dungeon |   1368 |   1336 |     32 |      0 |   1094 |   2 |  684.0 |
               +--------+--------+--------+--------+--------+-----+--------+

Top non-repeatable levels by time:
     D:1: 799 daAuts
     D:2: 569 daAuts
